 Dungeon Crawl Stone Soup version 0.30-a0-591-g3c58d2bc28 (webtiles) character file.

Game seed: 14129597959904944598

28 OTABOTABOTAB the Insei (level 3, -5/23 HPs)
             Began as an Octopode Transmuter on Jan 4, 2023.
             Slain by Crazy Yiuf
             ... wielding a +2 quarterstaff of chaos
              (17 damage)
             ... on level 2 of the Dungeon.
             The game lasted 00:01:24 (1101 turns).

OTABOTABOTAB the Insei (Octopode Transmuter)        Turns: 1101, Time: 00:01:25

Health: -5/23      AC:  2    Str: 15    XL:     3   Next: 14%
Magic:  3/6        EV: 19    Int: 17    God:
Gold:   86         SH:  0    Dex: 17    Spells: 0/6 levels left

rFire   . . .      SeeInvis .      - Unarmed
rCold   . . .      Faith    .    (shield currently unavailable)
rNeg    . . .      Spirit   .    (helmet currently unavailable)
rPois   x          Reflect  .    (no amulet)
rElec   .          Harm     .    b - +6 ring of strength
rCorr   .          Rampage  .    (no ring)
Will    .....                    (no ring)
Stlth   ++                       (no ring)
HPRegen 0.23/turn                (no ring)
MPRegen 0.10/turn                (no ring)
                                 (no ring)
                                 (no ring)

@: spider-form
A: venomous fangs, almost no armour, (amphibious), 8 rings, tiny, (camouflage
1), (gelatinous body 1), (nimble swimmer 1), (tentacles)
a: End Transformation


You were on level 2 of the Dungeon.
You were a venomous arachnid creature.
You visited 1 branch of the dungeon, and saw 2 of its levels.

You collected 86 gold pieces.

Inventory:

Jewellery
 b - a +6 ring of strength (left front leg)
   (You found it on level 1 of the Dungeon)
Scrolls
 c - a scroll of identify {unknown}
 e - a scroll of summoning {unknown}
Potions
 a - a potion of mutation {unknown}
 d - a potion of berserk rage {unknown}
 P - a potion of lignification {!q}


   Skills:
 - Level 1.0 Fighting
 - Level 2.0 Dodging
 + Level 3.4 Unarmed Combat
 - Level 2.0 Spellcasting
 + Level 2.6 Transmutations
 + Level 1.7 Poison Magic


You couldn't memorise any spells.
You knew the following spells:

 Your Spells              Type           Power      Damage    Failure   Level
a - Beastly Appendage     Tmut           20%        N/A       19%         1
b - Wereblood             Tmut           10%        N/A       24%         2
c - Spider Form           Tmut/Pois      9%         N/A       45%         3

Your spell library contained the following spells:

 Spells                   Type           Power      Damage    Failure   Level
 Ice Form                 Ice/Tmut       6%         N/A       89%         4
 Freezing Cloud           Conj/Ice/Air   0%         6-21      100%        5
 Simulacrum               Ice/Necr       0%         N/A       100%        6
 Polar Vortex             Ice            0%         N/A       100%        9


Dungeon Overview and Level Annotations

Branches:
Dungeon (2/15)

Altars:

Annotations:
D:2 Crazy Yiuf


Innate Abilities, Weirdness & Mutations

You are a venomous arachnid creature.
You have poisonous fangs.
You are tiny and dextrous.
Your spellcasting is less reliable in this form.
Your armour is entirely melded.
You are incapable of wielding weapons or throwing items.
You cannot wear most types of armour.
((You are amphibious.))
You can wear up to eight rings at the same time.
((Your skin changes colour to match your surroundings (Stealth+).))
((Your rubbery body absorbs attacks. (AC +1, EV +1)))
((You are camouflaged when in or above water. (Stealth+)))
((You have tentacles for arms and can constrict up to eight enemies at once.))


Message History

You tentacle-slap the hobgoblin but do no damage.
Your grab misses the hobgoblin. Your squeeze misses the hobgoblin.
The hobgoblin misses you.
You tentacle-slap the hobgoblin. You grab the hobgoblin.
You tentacle-slap the hobgoblin, but do no damage.
You constrict the hobgoblin.
You kill the hobgoblin!
No target in view!
No target in view!
You now have 62 gold pieces (gained 17).
You see here a +0 club.
You now have 76 gold pieces (gained 14).
You now have 79 gold pieces (gained 3).
A goblin comes into view. It is wielding a +0 club.
The goblin shouts!
Health restored: 23 A goblin is nearby!
A ball python comes into view.
There are monsters nearby!
The ball python hisses angrily.
The goblin hits you with a +0 club.
You take 3 damage, and have 20/23 hp.
There are monsters nearby!
You tentacle-slap the goblin. Your grab misses the goblin.
The goblin closely misses you.
You tentacle-slap the goblin.
You kill the goblin!
You see here a +0 club.
Unknown command.
You barely miss the ball python. Your grab misses the ball python.
The ball python misses you. The ball python barely misses you.
You closely miss the ball python. You grab the ball python.
You squeeze the ball python.
You kill the ball python!
No target in view!
No target in view!
e - a scroll labelled UGRUUQ CEMNUTT No target in view!
Health restored: 23 No target in view!
You now have 86 gold pieces (gained 7).
s - 4 stones (quivered)
You see here a +0 club.
A ball python comes into view.
You throw a stone.
The stone hits the ball python but does no damage.
The ball python hisses angrily.
A ball python is nearby!
You throw a stone.
The stone completely misses the ball python.
A ball python is nearby!
You throw a stone. The stone hits the ball python.
A ball python is nearby!
You throw a stone.
The stone hits the ball python but does no damage.
The ball python barely misses you. The ball python grabs you.
The ball python constricts you. The ball python barely misses you.
The ball python constricts you.
You take 1 damage, and have 22/23 hp.
You tentacle-slap the ball python.
You kill the ball python!
No target in view!
No target in view!
Found a stone staircase leading down.
You see here a ball python corpse.
Health restored: 23 No target in view!
You're in a travel-excluded area, stopping explore.
No reachable target in view!
You're in a travel-excluded area, stopping explore.
No reachable target in view!
You're in a travel-excluded area, stopping explore.
No reachable target in view!
You're in a travel-excluded area, stopping explore.
No reachable target in view!
You open the door.
You don't know that spell.
Okay, then.
This spell is extremely dangerous to cast!
Memorise Spider Form, consuming 3 spell levels and leaving 0?
You start memorising the spell.
You continue memorising. x3
Crazy Yiuf shouts!
You finish memorising.
Spell assigned to 'c'.
The spell is extremely dangerous to miscast (24% risk of failure)!
Continue anyway?
You turn into a venomous arachnid creature.
You now have 3/6 mp.
Crazy Yiuf zaps a wand.
The puff of flame misses you.
There is an open translucent door here.
You hit Crazy Yiuf.
Crazy Yiuf is poisoned.
Crazy Yiuf completely misses you.
You hit Crazy Yiuf.
Crazy Yiuf looks as sick as possible!
Crazy Yiuf hits you with a +2 quarterstaff of chaos!
Crazy Yiuf freezes you.
You take 12 damage, and have 11/23 hp.
MASSIVE DAMAGE!!
You barely miss Crazy Yiuf.
Crazy Yiuf hits you with a +2 quarterstaff of chaos!
Ouch! That really hurt!
You die...

#######
#.....#
#.....#
#.....######
#####
#..........#
#)..#
#..........#
#...#
#.....>....#
#.g.#
#..........#
#s#
#.......#+##
♣.♣♣
#.........##
♣♣.♣
#......#...#
♣.♣♣
.......#...#
♣♣.♣
..####.....#
♣♣.♣♣ ..#
#†#####
♣♣...♣ ..#
#.# ♣.♣..♣
..####.#####
#....#


You could see Crazy Yiuf (extremely poisoned).

Vanquished Creatures
  A dart slug (D:1)
  2 endoplasms (D:1)
  2 giant cockroaches (D:1)
  3 goblins
  2 hobgoblins
  3 kobolds (D:1)
  A quokka (D:1)
  8 ball pythons
  A rat (D:1)
23 creatures vanquished.

Notes
Turn   | Place    | Note
-------+----------+-------------------------------------------
     0 | D:1      | OTABOTABOTAB the Octopode Transmuter began the quest for
                  | the Orb.
     0 | D:1      | Reached XP level 1. HP: 13/13 MP: 3/3
   178 | D:1      | Reached XP level 2. HP: 12/18 MP: 5/5
   205 | D:1      | Reached skill level 1 in Poison Magic
   853 | D:1      | Learned a level 2 spell: Wereblood
   935 | D:2      | Reached XP level 3. HP: 23/23 MP: 6/6
  1088 | D:2      | Found a runed translucent door.
  1089 | D:2      | Noticed Crazy Yiuf
  1097 | D:2      | Learned a level 3 spell: Spider Form
  1101 | D:2      | Slain by Crazy Yiuf

Illustrated notes

Levels and vault maps discovered:
D:1:      giann_horns, layout_basic
D:2:      layout_basic, uniq_crazy_yiuf_cottage

Skill      XL: |  1  2 |
---------------+-------+-----
Poison Magic   | 1 |  1.7
Fighting       | |  1.0
Dodging        | |  2.0
Unarmed Combat | |  3.4
Spellcasting   | |  2.0
Transmutations | |  2.6

Action                   || total
-------------------------++-------
Melee: Unarmed           ||    41
       Constrict         ||     9
       Kick              ||     3
       Tentacles         ||     6
       Punch             ||     2
Throw: Stone             ||    17
 Cast: Beastly Appendage ||     3
       Spider Form       ||     1
 Abil: End Transformatio ||     3
 Stab: Sleeping          ||     2
Armor: Skin              ||     2
Dodge: Dodged            ||    26

Table legend: (Time is in decaauts)
 A = Elapsed time spent in this place.
 B = Non-inter-level travel time spent in this place.
 C = Inter-level travel time spent in this place.
 D = Time resting spent in this place.
 E = Time spent auto-exploring this place.
 F = Levels seen in this place.
 G = Mean time per level.
                   A        B        C        D        E       F      G
               +--------+--------+--------+--------+--------+-----+--------+
         Total |   1099 |   1062 |     37 |      0 |    904 |   2 |  549.5 |
       Dungeon |   1099 |   1062 |     37 |      0 |    904 |   2 |  549.5 |
               +--------+--------+--------+--------+--------+-----+--------+

Top non-repeatable levels by time:
     D:1: 889 daAuts
     D:2: 210 daAuts

Table legend:
 A = Kills in this place as a percentage of kills in entire the game.
 B = Kills by you in this place as a percentage of kills by you in the entire game.
 C = Kills by friends in this place as a percentage of kills by friends in the entire game.
 D = Other kills in this place as a percentage of other kills in the entire game.
 E = Experience gained in this place as a percentage of experience gained in the entire game.
 F = Experience gained in this place divided by the number of levels of this place that you have seen.
                   A       B       C       D       E      F
               +-------+-------+-------+-------+-------+----------------------
         Total | 100.0 | 100.0 |   N/A |   N/A | 100.0 |  20.5
       Dungeon | 100.0 | 100.0 |   N/A |   N/A | 100.0 |  20.5
               +-------+-------+-------+-------+-------+----------------------
